 Dungeon Crawl Stone Soup version 0.29.1-1-gd02db6906a (webtiles) character file.

Game seed: 8646233406315635497

39 MisterFreud the Twirler (level 3, -4/28 HPs)
             Began as a Formicid Gladiator on Oct 20, 2022.
             Killed from afar by an orc wizard (8 damage)
             ... with a puff of flame
             ... on level 2 of the Dungeon.
             The game lasted 00:01:33 (1542 turns).

MisterFreud the Twirler (Formicid Gladiator)        Turns: 1542, Time: 00:01:34

Health: -4/28      AC:  7    Str: 20    XL:     3   Next: 70%
Magic:  3/3        EV: 12    Int:  7    God:
Gold:   76         SH:  0    Dex: 15    Spells: 2/2 levels left

rFire   . . .      SeeInvis +   a - +0 quarterstaff (freeze)
rCold   + . .      Faith    .   (no shield)
rNeg    . . .      Spirit   .   j - +2 ring mail {rC+}
rPois   .          Reflect  .   (helmet unavailable)
rElec   .          Harm     .   (no cloak)
rCorr   .          Rampage  .   (no gloves)
Will    .....                   (no boots)
Stlth   +.........              (no amulet)
HPRegen 0.09/turn               (no ring)
MPRegen 0.08/turn               (no ring)

@: no status effects
A: permanent stasis, dig shafts and tunnels, antennae 3, four strong arms
a: Dig, Shaft Self


You were on level 2 of the Dungeon.
You visited 1 branch of the dungeon, and saw 2 of its levels.

You collected 76 gold pieces.

Inventory:

Hand Weapons
 a - a +0 quarterstaff of freezing (weapon)
Missiles
 c - 3 throwing nets (quivered)
 d - a javelin
Armour
 b - a +0 leather armour
 i - a +0 chain mail
 j - a +2 ring mail of cold resistance (worn)
Scrolls
 h - a scroll of brand weapon
Potions
 e - 2 potions of curing
 m - a potion of lignification


   Skills:
 - Level 2.6 Fighting
 + Level 3.6 Staves
 - Level 2.3 Throwing
 - Level 3.0 Dodging


You had 2 spell levels left.
You didn't know any spells.
Your spell library contained the following spells:

 Spells                   Type           Power      Damage    Failure   Level
 Foxfire                  Conj/Fire      0%         2x1d4     63%         1
 Conjure Flame            Conj/Fire      0%         6-21      94%         3
 Inner Flame              Hex/Fire       0%         N/A       94%         3
 Flame Wave               Conj/Fire      0%         2d4       100%        4


Dungeon Overview and Level Annotations

Branches:
Dungeon (2/15)

Altars:


Innate Abilities, Weirdness & Mutations

You cannot be hasted, slowed, berserked, paralysed or teleported.
You can dig through walls and to a lower floor.
You have a pair of large antennae on your head. (SInv)
Your four strong arms can wield two-handed weapons with a shield.


Message History

The puff of flame hits you.
You hit the orc wizard but do no damage.
The orc wizard is almost dead.
The orc wizard hits you but does no damage.
You barely miss the orc wizard.
The orc wizard is almost dead.
The orc wizard gestures at you while chanting.
You are confused.
The orc wizard points at you and mumbles some strange words.
The magic dart hits you.
You are too confused!
You bump into the rock wall.
The orc wizard hits you but does no damage.
You are too confused!
You bump into the rock wall.
The orc wizard points at you and mumbles some strange words.
The magic dart hits you.
You closely miss the orc wizard.
The orc wizard is almost dead.
The orc wizard hits you but does no damage.
You are too injured to fight recklessly!
You closely miss the orc wizard.
The orc wizard is almost dead.
The orc wizard hits you but does no damage.
You are too injured to fight recklessly!
You miss the orc wizard.
The orc wizard is almost dead.
The orc wizard hits you but does no damage.
You barely miss the orc wizard.
The orc wizard is almost dead.
The orc wizard misses you.
You are too injured to fight recklessly!
You feel less confused. The orc wizard casts a spell at you.
The puff of flame hits you!
* * * LOW HITPOINT WARNING * * *
You are too injured to fight recklessly!
The orc wizard casts a spell at you. The puff of flame hits you!
You die...

#.######.........#
#........#######.#
#..#####.##### #.#
####..##........# #.#
#........##.###.###.#
##.#>..#####.........#
........####.###.#####
####.........# #.#
##.######## #@# #.#
*#o#*** #.# #.o...#
*#+#* #..##.# **,,,**
#..#*,# **,,,,,**
#..#*,* **,,,,,,,**
*#...,,*
*,,,,,,,,,****....,,*
+,,,,,,,,,+,,,....,,*


You could see an orc wizard (invisible) and an orc.

Vanquished Creatures
  A dart slug (D:1)
  2 orcs (D:2)
  2 ball pythons (D:2)
  3 bats
  3 endoplasms
  A goblin (D:1)
  3 hobgoblins
  3 jackals (D:1)
  A quokka (D:2)
  4 frilled lizards
  6 kobolds (D:1)
  4 rats (D:1)
33 creatures vanquished.

Vanquished Creatures (others)
  3 plants (D:2)
3 creatures vanquished.

Grand Total: 36 creatures vanquished

Notes
Turn   | Place    | Note
-------+----------+-------------------------------------------
     0 | D:1      | MisterFreud the Formicid Gladiator began the quest for the
                  | Orb.
     0 | D:1      | Reached XP level 1. HP: 16/16 MP: 1/1
   110 | D:1      | Reached XP level 2. HP: 5/23 MP: 2/2
   772 | D:1      | Reached XP level 3. HP: 28/28 MP: 3/3
  1542 | D:2      | Killed from afar by an orc wizard

Illustrated notes

Levels and vault maps discovered:
D:1:      evilmike_arrival_crescent, layout_loops_ring
D:2:      layout_loops_corners, chequers_serial_rivers_room_a,
          serial_bayou_lagoon_b

Skill      XL: |  1  2  3 |
---------------+----------+-----
Dodging        | 3 |  3.0
Fighting       | |  2.6
Staves         | |  3.6
Throwing       | |  2.3

Action                   || total
-------------------------++-------
Melee: Quarterstaff      ||   109
       Punch             ||     1
  Use: Scroll            ||     7
Armor: Leather armour    ||     5
       Ring mail         ||    34
       Chain mail        ||     4
Dodge: Dodged            ||    71
